[gd_scene load_steps=6 format=2]

[ext_resource path="res://Assets/480146.jpg" type="Texture" id=1]
[ext_resource path="res://Assets/Fonts/ethnocentric.tres" type="DynamicFont" id=2]
[ext_resource path="res://Scripts/LinkButton.gd" type="Script" id=3]
[ext_resource path="res://Scripts/LinkButton2.gd" type="Script" id=4]
[ext_resource path="res://Assets/doorOpen_2.ogg" type="AudioStream" id=5]

[node name="MarginContainer" type="MarginContainer"]
anchor_right = 1.0
anchor_bottom = 1.0

[node name="Sprite" type="Sprite" parent="."]
position = Vector2( 476.721, 111.394 )
scale = Vector2( 0.6, 0.6 )
texture = ExtResource( 1 )
centered = false
offset = Vector2( -794.534, -185.657 )

[node name="VBoxContainer" type="VBoxContainer" parent="."]
margin_right = 1024.0
margin_bottom = 600.0
alignment = 1

[node name="Label" type="Label" parent="VBoxContainer"]
margin_top = 186.0
margin_right = 1024.0
margin_bottom = 259.0
custom_fonts/font = ExtResource( 2 )
text = "You Got Home!"
align = 1
valign = 1

[node name="VBoxContainer" type="VBoxContainer" parent="VBoxContainer"]
margin_top = 263.0
margin_right = 1024.0
margin_bottom = 336.0
alignment = 1

[node name="LinkButton" type="LinkButton" parent="VBoxContainer/VBoxContainer"]
margin_right = 1024.0
margin_bottom = 73.0
custom_fonts/font = ExtResource( 2 )
text = "MAIN MENU"
underline = 2
script = ExtResource( 3 )
scene_to_load = "MainMenu"

[node name="VBoxContainer2" type="VBoxContainer" parent="VBoxContainer"]
margin_top = 340.0
margin_right = 1024.0
margin_bottom = 413.0
alignment = 1

[node name="LinkButton2" type="LinkButton" parent="VBoxContainer/VBoxContainer2"]
margin_right = 1024.0
margin_bottom = 73.0
custom_fonts/font = ExtResource( 2 )
text = "EXIT"
underline = 2
script = ExtResource( 4 )

[node name="AudioStreamPlayer" type="AudioStreamPlayer" parent="."]
stream = ExtResource( 5 )
autoplay = true
[connection signal="pressed" from="VBoxContainer/VBoxContainer/LinkButton" to="VBoxContainer/VBoxContainer/LinkButton" method="_on_LinkButton_pressed"]
[connection signal="button_up" from="VBoxContainer/VBoxContainer2/LinkButton2" to="VBoxContainer/VBoxContainer2/LinkButton2" method="_on_LinkButton2_button_up"]
